 Dungeon Crawl Stone Soup version 0.31-a0-331-geda263fcf1 (webtiles) character file.

Game seed: 9412631281369579209

340 mopl the Changeling (level 6, 0/40 (42) HPs)
             Began as an Octopode Shapeshifter on July 19, 2023.
             Succumbed to a kobold brigand's poison
             ... in a sewer.
             The game lasted 00:02:31 (1549 turns).

mopl the Changeling (Octopode Shapeshifter)         Turns: 1549, Time: 00:02:31

HP:   0/40 (42)     AC:  1    Str: 14    XL:     6   Next: 56%
MP:   6/6           EV: 14    Int: 10    God:
Gold: 92            SH:  0    Dex: 15    Spells: 5/5 levels left

rFire   . .          .
                       - Unarmed
rCold   . . .        (no shield)
rNeg    . . .        (helmet currently unavailable)
rPois   .            (no amulet)
rElec   .            (no ring)
rCorr   .            (no ring)
SInv    .            (no ring)
Will    .....        (no ring)
Stlth   +++          (no ring)
HPRegen 0.26/turn    (no ring)
MPRegen 0.10/turn    (no ring)
                     (no ring)

%: no passive effects
@: lethally poisoned (0 -> -7), beast-form, lightly drained
A: beast (slay +3), almost no armour, amphibious, 8 rings, camouflage 1,
gelatinous body 1, nimble swimmer 1, tentacles
a: Begin Untransformation


You were in a sewer.
You were a hulking beast.
You visited 1 branch of the dungeon, and saw 3 of its levels.
You also visited: Sewer.

You collected 92 gold pieces.

Inventory:

Jewellery
 f - a ring of fire
Talismans
 b - a beast talisman
Wands
 h - a wand of roots (10)
Scrolls
 c - a scroll of identify {unknown}
 e - a scroll of immolation {unknown}
 g - 2 scrolls of vulnerability {unknown}
 j - a scroll of blinking {unknown}
Potions
 a - 2 potions of lignification {!q}
 i - a potion of heal wounds {unknown}


   Skills:
 + Level 3.2 Fighting
 + Level 3.2 Dodging
 * Level 4.1 Unarmed Combat
 * Level 4.3 Shapeshifting


You had 5 spell levels left.
You didn't know any spells.
Your spell library contained the following spells:

 Spells                   Type           Power      Damage    Failure   Level
 Anguish                  Hex/Necr       0%         N/A       98%         4
 Cause Fear               Hex            0%         N/A       98%         4
 Enfeeble                 Hex            0%         N/A       100%        7


Dungeon Overview and Level Annotations

Branches:
Dungeon (3/15)              Sewer (1/1)

Altars:


Innate Abilities, Weirdness & Mutations

You are a hulking beast.
Your limbs bulge with bestial killing power. (Slay +3)
You cannot wear most types of armour.
You are amphibious.
You can wear up to eight rings at the same time.
Your skin changes colour to match your surroundings (Stealth+).
Your rubbery body absorbs attacks. (AC +1, EV +1)
You are camouflaged when in or above water. (Stealth+)
You have tentacles for arms and can constrict up to eight enemies at once.


Message History

Your Unarmed Combat skill increases to level 4!
Unknown command.
You tentacle-slap the kobold.
You kill the kobold!
You hear a splash. x2
You feel sick. The jackal bites you.
You bludgeon the jackal!
You kill the jackal!
You feel sick.
You tentacle-slap the kobold brigand. You grab the kobold brigand.
The kobold brigand is moderately wounded.
You constrict the kobold brigand.
You feel sick.
You are no longer poisoned.
You tentacle-slap the kobold brigand.
The kobold brigand is heavily wounded.
You constrict the kobold brigand.
The kobold brigand hits you with a +0 whip!
The kobold hits you with a +1 short sword of draining.
You feel drained.
You tentacle-slap the kobold.
You kill the kobold!
You hear a splash. x2
You constrict the kobold brigand. The kobold brigand barely misses you.
You tentacle-slap the kobold brigand.
The kobold brigand is almost dead.
You constrict the kobold brigand.
The kobold splashes around in the water.
The kobold brigand hits you with a +0 whip!
* * * LOW HITPOINT WARNING * * *
You tentacle-slap the kobold brigand but do no damage.
The kobold brigand is almost dead.
You constrict the kobold brigand. The kobold closely misses you.
The kobold brigand hits you with a +0 whip.
* * * LOW HITPOINT WARNING * * *
You release your grip on the kobold brigand.
The kobold brigand throws a poisoned dart.
The poisoned dart hits you!
You are lethally poisoned!
It was a potion of cancellation.
You feel magically purged.
You die...

### ############ #∩#
#...~......###.### .
#.~K~~~~~..~.....####
....#~†≈≈≈~~~~~~~~~~~~~≈≈
.....~K≈h≈≈≈≈≈≈≈≈≈≈≈≈≈≈≈≈
....#~K≈≈≈~~~~~~~≈~~~~≈≈≈
. #~.~~~~..~.~.~...####
#..~.~.~~~.#######
#########~## #~# #~# #~#
#~#


You could see a kobold brigand and 2 kobolds.

Vanquished Creatures
  Sigmund (D:3)
  A kobold brigand (Sewer)
  An adder (D:2)
  3 river rats (Sewer)
  A worm (D:2)
  4 dart slugs
  4 bats
  5 endoplasms
  5 giant cockroaches
  6 hobgoblins
  5 jackals
  7 kobolds
  6 quokkas
  2 ball pythons
  3 frilled lizards
  3 goblins (D:1)
  8 rats
65 creatures vanquished.

Notes
Turn   | Place    | Note
-------+----------+-------------------------------------------
     0 | D:1      | mopl the Octopode Shapeshifter began the quest for the Orb.
     0 | D:1      | Reached XP level 1. HP: 14/14 MP: 1/1
   130 | D:1      | Reached XP level 2. HP: 19/19 MP: 2/2
   479 | D:1      | Reached XP level 3. HP: 24/24 MP: 3/3
  1125 | D:2      | Reached XP level 4. HP: 26/30 MP: 4/4
  1312 | D:3      | Noticed Sigmund
  1320 | D:3      | Killed Sigmund
  1321 | D:3      | Reached skill level 3 in Fighting
  1321 | D:3      | Reached skill level 3 in Dodging
  1321 | D:3      | Reached skill level 3 in Unarmed Combat
  1321 | D:3      | Reached skill level 4 in Shapeshifting
  1321 | D:3      | Reached XP level 5. HP: 16/36 MP: 5/5
  1321 | D:3      | Reached XP level 6. HP: 19/42 MP: 6/6
  1353 | D:3      | Found a glowing drain.
  1377 | Sewer    | Entered a sewer
  1541 | Sewer    | Reached skill level 4 in Unarmed Combat
  1547 | Sewer    | HP: 2/40 [kobold brigand/+0 whip (4)]
  1549 | Sewer    | Succumbed to a kobold brigand's poison

Illustrated notes

Levels and vault maps discovered:
D:1:      ldierk_walled_garden_2, layout_loops_corners, minmay_misc_feat_x
D:2:      minmay_inner_zag, layout_basic
D:3:      wad_lake_hut, layout_rooms, okawaru_gym_becter,
          general_overflow_altar, gup_sewer_entry_pipe, uniq_crazy_yiuf_cottage,
          uniq_sigmund, uniq_terence
Sewer:    sewer_kobolds

Skill      XL: |  1  2  3  4  5  6 |
---------------+-------------------+-----
Fighting       | 3 |  3.2
Dodging        | 3 |  3.2
Unarmed Combat | 3 4 |  4.1
Shapeshifting  | 4 |  4.3

Action                     |  1- 3 |  4- 6 || total
---------------------------+-------+-------++-------
  Melee: Unarmed           |    72 |    52 ||   124
         Constrict         |    16 |    17 ||    33
         Tentacles         |    11 |    19 ||    30
         Punch             |     4 |     2 ||     6
    Use: Potion            |       |     1 ||     1
   Stab: Sleeping          |    11 |     3 ||    14
 Armour: Skin              |     7 |     2 ||     9
  Dodge: Dodged            |    39 |    38 ||    77

Table legend: (Time is in decaauts)
 A = Elapsed time spent in this place.
 B = Non-inter-level travel time spent in this place.
 C = Inter-level travel time spent in this place.
 D = Time resting spent in this place.
 E = Time spent auto-exploring this place.
 F = Levels seen in this place.
 G = Mean time per level.
                   A        B        C        D        E       F      G
               +--------+--------+--------+--------+--------+-----+--------+
         Total |   1541 |   1491 |     50 |     84 |   1023 |   4 |  385.2 |
       Dungeon |   1371 |   1321 |     50 |      0 |    977 |   3 |  457.0 |
         Sewer |    169 |    169 |      0 |     84 |     46 |   1 |  169.0 |
               +--------+--------+--------+--------+--------+-----+--------+

Top non-repeatable levels by time:
     D:1: 781 daAuts
     D:2: 478 daAuts
   Sewer: 169 daAuts
     D:3: 112 daAuts
